Workbook
Name DEPENSES: Liste!$A$13:$B$41
Name fixe_variable: Liste2[Fixe/Variable]
Name Poste_Depenses: Liste!$B$14:$B$41
Name Poste_Revenus: Liste!$B$2:$B$11
Name REVENUS: Liste!$A$1:$B$11

Sheet Encodage
A1: Catégorie | B1: Poste | C1: F/V | D1: Montant | E1: Date | F1: Année | G1: moyenne
A2: REVENUS | B2: Salaire Nadège | C2: =IF($A2="REVENUS","",INDEX(Liste2[Fixe/Variable],MATCH(Encodage!$B2,Poste_Depenses,0))) | D2: 2500 | E2: 41640 | F2: 2014 | G2: =AVERAGEIFS(Liste1[Montant],Liste1[Catégorie],Liste1[[#This Row],[Catégorie]],Liste1[Poste],Liste1[[#This Row],[Poste]],Liste1[Date],Liste1[[#This Row],[Date]])*IF(COUNTIFS(A$2:A2,Liste1[[#This Row],[Catégorie]],B$2:B2,Liste1[[#This Row],[Poste]],E$2:E2,Liste1[[#This Row],[Date]])=1,1,0) -> 2238.655
A3: REVENUS | B3: Salaire Nadège | C3: =IF($A3="REVENUS","",INDEX(Liste2[Fixe/Variable],MATCH(Encodage!$B3,Poste_Depenses,0))) | D3: 3000 | E3: 41671 | F3: 2014 | G3: =AVERAGEIFS(Liste1[Montant],Liste1[Catégorie],Liste1[[#This Row],[Catégorie]],Liste1[Poste],Liste1[[#This Row],[Poste]],Liste1[Date],Liste1[[#This Row],[Date]])*IF(COUNTIFS(A$2:A3,Liste1[[#This Row],[Catégorie]],B$2:B3,Liste1[[#This Row],[Poste]],E$2:E3,Liste1[[#This Row],[Date]])=1,1,0) -> 2498.195
A4: REVENUS | B4: Salaire Nadège | C4: =IF($A4="REVENUS","",INDEX(Liste2[Fixe/Variable],MATCH(Encodage!$B4,Poste_Depenses,0))) | D4: 2500 | E4: 41699 | F4: 2014 | G4: =AVERAGEIFS(Liste1[Montant],Liste1[Catégorie],Liste1[[#This Row],[Catégorie]],Liste1[Poste],Liste1[[#This Row],[Poste]],Liste1[Date],Liste1[[#This Row],[Date]])*IF(COUNTIFS(A$2:A4,Liste1[[#This Row],[Catégorie]],B$2:B4,Liste1[[#This Row],[Poste]],E$2:E4,Liste1[[#This Row],[Date]])=1,1,0) -> 2220.695
A5: REVENUS | B5: Salaire Nadège | C5: =IF($A5="REVENUS","",INDEX(Liste2[Fixe/Variable],MATCH(Encodage!$B5,Poste_Depenses,0))) | D5: 3000 | E5: 41730 | F5: 2014 | G5: =AVERAGEIFS(Liste1[Montant],Liste1[Catégorie],Liste1[[#This Row],[Catégorie]],Liste1[Poste],Liste1[[#This Row],[Poste]],Liste1[Date],Liste1[[#This Row],[Date]])*IF(COUNTIFS(A$2:A5,Liste1[[#This Row],[Catégorie]],B$2:B5,Liste1[[#This Row],[Poste]],E$2:E5,Liste1[[#This Row],[Date]])=1,1,0) -> 2475.035
A6: REVENUS | B6: Salaire Nadège | C6: =IF($A6="REVENUS","",INDEX(Liste2[Fixe/Variable],MATCH(Encodage!$B6,Poste_Depenses,0))) | D6: 2500 | E6: 41760 | F6: 2014 | G6: =AVERAGEIFS(Liste1[Montant],Liste1[Catégorie],Liste1[[#This Row],[Catégorie]],Liste1[Poste],Liste1[[#This Row],[Poste]],Liste1[Date],Liste1[[#This Row],[Date]])*IF(COUNTIFS(A$2:A6,Liste1[[#This Row],[Catégorie]],B$2:B6,Liste1[[#This Row],[Poste]],E$2:E6,Liste1[[#This Row],[Date]])=1,1,0) -> 2224.415
A7: REVENUS | B7: Salaire Nadège | C7: =IF($A7="REVENUS","",INDEX(Liste2[Fixe/Variable],MATCH(Encodage!$B7,Poste_Depenses,0))) | D7: 3000 | E7: 41791 | F7: 2014 | G7: =AVERAGEIFS(Liste1[Montant],Liste1[Catégorie],Liste1[[#This Row],[Catégorie]],Liste1[Poste],Liste1[[#This Row],[Poste]],Liste1[Date],Liste1[[#This Row],[Date]])*IF(COUNTIFS(A$2:A7,Liste1[[#This Row],[Catégorie]],B$2:B7,Liste1[[#This Row],[Poste]],E$2:E7,Liste1[[#This Row],[Date]])=1,1,0) -> 2484.075
A8: REVENUS | B8: Salaire Fabian | C8: =IF($A8="REVENUS","",INDEX(Liste2[Fixe/Variable],MATCH(Encodage!$B8,Poste_Depenses,0))) | D8: 2000 | E8: 41640 | F8: 2014 | G8: =AVERAGEIFS(Liste1[Montant],Liste1[Catégorie],Liste1[[#This Row],[Catégorie]],Liste1[Poste],Liste1[[#This Row],[Poste]],Liste1[Date],Liste1[[#This Row],[Date]])*IF(COUNTIFS(A$2:A8,Liste1[[#This Row],[Catégorie]],B$2:B8,Liste1[[#This Row],[Poste]],E$2:E8,Liste1[[#This Row],[Date]])=1,1,0) -> 1859.63
A9: REVENUS | B9: Salaire Fabian | C9: =IF($A9="REVENUS","",INDEX(Liste2[Fixe/Variable],MATCH(Encodage!$B9,Poste_Depenses,0))) | D9: 2000 | E9: 41671 | F9: 2014 | G9: =AVERAGEIFS(Liste1[Montant],Liste1[Catégorie],Liste1[[#This Row],[Catégorie]],Liste1[Poste],Liste1[[#This Row],[Poste]],Liste1[Date],Liste1[[#This Row],[Date]])*IF(COUNTIFS(A$2:A9,Liste1[[#This Row],[Catégorie]],B$2:B9,Liste1[[#This Row],[Poste]],E$2:E9,Liste1[[#This Row],[Date]])=1,1,0) -> 1850.875
A10: REVENUS | B10: Salaire Fabian | C10: =IF($A10="REVENUS","",INDEX(Liste2[Fixe/Variable],MATCH(Encodage!$B10,Poste_Depenses,0))) | D10: 2000 | E10: 41699 | F10: 2014 | G10: =AVERAGEIFS(Liste1[Montant],Liste1[Catégorie],Liste1[[#This Row],[Catégorie]],Liste1[Poste],Liste1[[#This Row],[Poste]],Liste1[Date],Liste1[[#This Row],[Date]])*IF(COUNTIFS(A$2:A10,Liste1[[#This Row],[Catégorie]],B$2:B10,Liste1[[#This Row],[Poste]],E$2:E10,Liste1[[#This Row],[Date]])=1,1,0) -> 1853.375
A11: REVENUS | B11: Salaire Fabian | C11: =IF($A11="REVENUS","",INDEX(Liste2[Fixe/Variable],MATCH(Encodage!$B11,Poste_Depenses,0))) | D11: 2000 | E11: 41730 | F11: 2014 | G11: =AVERAGEIFS(Liste1[Montant],Liste1[Catégorie],Liste1[[#This Row],[Catégorie]],Liste1[Poste],Liste1[[#This Row],[Poste]],Liste1[Date],Liste1[[#This Row],[Date]])*IF(COUNTIFS(A$2:A11,Liste1[[#This Row],[Catégorie]],B$2:B11,Liste1[[#This Row],[Poste]],E$2:E11,Liste1[[#This Row],[Date]])=1,1,0) -> 1852.135
A12: REVENUS | B12: Salaire Fabian | C12: =IF($A12="REVENUS","",INDEX(Liste2[Fixe/Variable],MATCH(Encodage!$B12,Poste_Depenses,0))) | D12: 2000 | E12: 41760 | F12: 2014 | G12: =AVERAGEIFS(Liste1[Montant],Liste1[Catégorie],Liste1[[#This Row],[Catégorie]],Liste1[Poste],Liste1[[#This Row],[Poste]],Liste1[Date],Liste1[[#This Row],[Date]])*IF(COUNTIFS(A$2:A12,Liste1[[#This Row],[Catégorie]],B$2:B12,Liste1[[#This Row],[Poste]],E$2:E12,Liste1[[#This Row],[Date]])=1,1,0) -> 2711.94
A13: REVENUS | B13: Salaire Fabian | C13: =IF($A13="REVENUS","",INDEX(Liste2[Fixe/Variable],MATCH(Encodage!$B13,Poste_Depenses,0))) | D13: 2000 | E13: 41791 | F13: 2014 | G13: =AVERAGEIFS(Liste1[Montant],Liste1[Catégorie],Liste1[[#This Row],[Catégorie]],Liste1[Poste],Liste1[[#This Row],[Poste]],Liste1[Date],Liste1[[#This Row],[Date]])*IF(COUNTIFS(A$2:A13,Liste1[[#This Row],[Catégorie]],B$2:B13,Liste1[[#This Row],[Poste]],E$2:E13,Liste1[[#This Row],[Date]])=1,1,0) -> 1847.31
... A550: DEPENSES | B550: Sorties / Temps libre / Resto | C550: =IF($A550="REVENUS","",INDEX(Liste2[Fixe/Variable],MATCH(Encodage!$B550,Poste_Depenses,0))) -> V | D550: 13.9 | E550: 41821 | F550: 2013 | G550: =AVERAGEIFS(Liste1[Montant],Liste1[Catégorie],Liste1[[#This Row],[Catégorie]],Liste1[Poste],Liste1[[#This Row],[Poste]],Liste1[Date],Liste1[[#This Row],[Date]])*IF(COUNTIFS(A$2:A550,Liste1[[#This Row],[Catégorie]],B$2:B550,Liste1[[#This Row],[Poste]],E$2:E550,Liste1[[#This Row],[Date]])=1,1,0) -> 0

Sheet Estimation
A1: Année | B1: (Tous)
A2: F/V | B2: (Tous)
A4: Somme de moyenne | B4: Étiquettes de colonnes
A5: Étiquettes de lignes | B5: janv | C5: févr | D5: mars | E5: avr | F5: mai | G5: juin | H5: juil | I5: Total général
A6: DEPENSES | B6: 2298.3034 | C6: 2240.8032 | D6: 2843.6305 | E6: 2134.0099 | F6: 2167.6237 | G6: 2093.7909 | H6: 2682.5511 | I6: 16460.713
A7: Animaux (veto, nourriture…) | C7: 61.99 | E7: 68.99 | F7: 175 | H7: 68.99 | I7: 374.97
A8: Assurances | B8: 11.86 | C8: 11.86 | D8: 46.127143 | E8: 11.86 | F8: 13.604286 | G8: 57.33375 | H8: 16.604286 | I8: 169.24946
A9: Carburant voitures | B9: 96.08 | C9: 136.39 | D9: 131.94 | E9: 122.605 | F9: 88.7775 | G9: 125.53 | H9: 92.37 | I9: 793.6925
A10: CGSP | B10: 8.05 | C10: 8.05 | D10: 8.05 | E10: 8.05 | F10: 8.05 | G10: 8.05 | H10: 8.05 | I10: 56.35
A11: Courses | B11: 54.264375 | C11: 30.992174 | D11: 544.96 | E11: 82.814286 | F11: 32.846364 | G11: 37.937143 | H11: 73.344286 | I11: 857.15863
A12: Divers | C12: 30 | E12: 76.6825 | F12: 30 | I12: 136.6825
A13: Eau | D13: 119.495 | I13: 119.495
A14: Emprunt Hypothécaire | B14: 941.625 | C14: 941.625 | D14: 941.625 | E14: 941.625 | F14: 941.625 | G14: 941.625 | H14: 941.625 | I14: 6591.375
A15: Emprunt Travaux Maison | B15: 185.12 | C15: 185.12 | D15: 185.12 | E15: 185.12 | F15: 185.12 | G15: 185.12 | H15: 185.12 | I15: 1295.84
A16: Entretien voiture | C16: 113.14 | D16: 27.22 | H16: 292.59 | I16: 432.95
A17: Epargne pension | H17: 135.71 | I17: 135.71
A18: Frais Bancaire | B18: 33.39 | I18: 33.39
A19: Gaz / Electricité | B19: 171.05 | C19: 171.05 | D19: 171.05 | E19: 165.845 | F19: 165.845 | G19: 165.845 | H19: 165.845 | I19: 1176.53
A20: GSM | B20: 44 | C20: 44 | D20: 44 | E20: 44 | F20: 44 | G20: 44 | H20: 44 | I20: 308
A21: Jouets / Cadeaux enfants | C21: 47.165 | E21: 31.18 | I21: 78.345
A22: Liquidités | B22: 47 | C22: 53.636364 | D22: 65 | E22: 51.428571 | F22: 69.444444 | G22: 32 | H22: 205 | I22: 523.50938
A23: Medecin / Pharmacie | B23: 22.5 | C23: 38 | D23: 93 | E23: 54.36 | F23: 59.76 | G23: 6.42 | H23: 18.325 | I23: 292.365
A24: Mobilier / travaux maison | B24: 233.75 | C24: 27.1 | E24: 61.6275 | G24: 27.325 | H24: 49.19 | I24: 398.9925
A25: Mutuelle | D25: 163.56 | G25: 163.56 | I25: 327.12
A26: Petit / Gros Electro | B26: 164.99 | I26: 164.99
A27: Prêt Voiture | B27: 113.63 | C27: 113.63 | D27: 113.63 | E27: 113.63 | F27: 113.63 | G27: 113.63 | H27: 113.63 | I27: 795.41
A28: Produits de beauté / Soins du corps / coiffeur | B28: 52.5 | C28: 93 | D28: 47.133333 | F28: 75 | G28: 52.5 | H28: 102.5 | I28: 422.63333
A29: Sorties / Temps libre / Resto | B29: 20.504 | C29: 26.766667 | E29: 21.29 | F29: 21.244444 | G29: 25.73 | H29: 15.95 | I29: 131.48511
A30: TV/Internet | B30: 41 | C30: 41 | D30: 41 | E30: 41 | F30: 42 | G30: 41 | H30: 41 | I30: 288
A31: Vacances | H31: 62.3 | I31: 62.3
A32: Vêtements / Chaussures / Bijoux | B32: 56.99 | C32: 66.288 | D32: 100.72 | E32: 51.902 | F32: 101.67667 | G32: 66.185 | H32: 50.4075 | I32: 494.16917
A33: REVENUS | B33: 4393.425 | C33: 4444.21 | D33: 4169.21 | E33: 4467.31 | F33: 8375.405 | G33: 4426.525 | H33: 425.51 | I33: 30701.595
A34: Allocation Familiale | B34: 95.14 | C34: 95.14 | D34: 95.14 | E34: 95.14 | F34: 95.14 | G34: 95.14 | H34: 95.14 | I34: 665.98
A35: Divers (Syndicat, anniversaires…) | B35: 200 | E35: 45 | I35: 245
A36: Pécule Vacances Fabian | F36: 1635.45 | I36: 1635.45
A37: Pécule Vacances Nadège | F37: 1708.46 | I37: 1708.46
A38: Remboursement Mutuelle | H38: 330.37 | I38: 330.37
A39: Salaire Fabian | B39: 1859.63 | C39: 1850.875 | D39: 1853.375 | E39: 1852.135 | F39: 2711.94 | G39: 1847.31 | I39: 11975.265
A40: Salaire Nadège | B40: 2238.655 | C40: 2498.195 | D40: 2220.695 | E40: 2475.035 | F40: 2224.415 | G40: 2484.075 | I40: 14141.07

Sheet Liste
A1: Catégorie | B1: Poste | E1: DEPENSES
A2: REVENUS | B2: salaire x
A3: REVENUS | B3: Salaire y
A4: REVENUS | B4: Pécule Vacances Nadège
A5: REVENUS | B5: Pécule Vacances Fabian
A6: REVENUS | B6: Prime Fin d'année Nadège
A7: REVENUS | B7: Prime Fin d'année Fabian
A8: REVENUS | B8: Remboursement Impôt
A9: REVENUS | B9: Allocation Familiale
A10: REVENUS | B10: Divers (Syndicat, anniversaires…)
A11: REVENUS | B11: Remboursement Mutuelle
A13: Catégorie | B13: Poste | C13: Fixe/Variable
A14: DEPENSES | B14: Emprunt Hypothécaire | C14: F
A15: DEPENSES | B15: Emprunt Travaux Maison | C15: F
A16: DEPENSES | B16: Prêt Voiture | C16: F
A17: DEPENSES | B17: Carburant voitures | C17: V
A18: DEPENSES | B18: Gaz / Electricité | C18: F
A19: DEPENSES | B19: Eau | C19: F
A20: DEPENSES | B20: TV/Internet | C20: F
A21: DEPENSES | B21: GSM | C21: F
A22: DEPENSES | B22: Assurances | C22: F
A23: DEPENSES | B23: Entretien voiture | C23: V
A24: DEPENSES | B24: Medecin / Pharmacie | C24: V
... A41: DEPENSES | B41: Frais scolaires | C41: V
